 Dungeon Crawl Stone Soup version 0.29.0-11-gd7f09526c8 (webtiles) character file.

Game seed: 9979010401203144951

0 xian the Sneak (level 1, 0/21 HPs)
             Began as a Naga Delver on Sept 3, 2022.
             Slain by a hound (4 damage)
             ... on level 5 of the Dungeon.
             The game lasted 00:01:04 (296 turns).

xian the Sneak (Naga Delver)                         Turns: 296, Time: 00:01:04

Health: 0/21       AC:  1    Str: 14    XL:     1   Next: 0%
Magic:  1/1        EV:  9    Int: 10    God:
Gold:   22         SH:  0    Dex: 12    Spells: 0/0 levels left

rFire   . . .      SeeInvis +   a - +0 spear
rCold   . . .      Faith    .   (no shield)
rNeg    . . .      Spirit   .   b - +0 leather armour
rPois   +          Reflect  .   (no helmet)
rElec   .          Harm     .   (no cloak)
rCorr   .          Rampage  .   (no gloves)
Will    .....                   (no barding)
Stlth   +++.......              (no amulet)
HPRegen 0.07/turn               (no ring)
MPRegen 0.07/turn               (no ring)

@: very slow
A: AC +0, large, see invisible, deformed body, poison resistance, slowness 2,
spit poison 1, naga tail 1
a: Spit Poison


You were on level 5 of the Dungeon.
You visited 1 branch of the dungeon, and saw 1 of its levels.

You collected 22 gold pieces.

Inventory:

Hand Weapons
 a - a +0 spear (weapon)
 j - a +0 sling
Armour
 b - a +0 leather armour (worn)
Wands
 g - a wand of digging (3)
Scrolls
 c - a scroll of fog
 d - a scroll of magic mapping
 h - a scroll of acquirement {unknown}
 i - a scroll of butterflies {unknown}
Potions
 f - a potion of haste


   Skills:
 + Level 3.0 Fighting
 + Level 2.0 Polearms
 + Level 1.5 Dodging
 + Level 7.2 Stealth


You couldn't memorise any spells.
You didn't know any spells.
Your spell library was empty.

Dungeon Overview and Level Annotations

Branches:
Dungeon (5/15)
 Temple: D:4-7

Altars:
Ru


Innate Abilities, Weirdness & Mutations

Your serpentine skin is tough. (AC +0)
You have supernaturally acute eyesight. (SInv)
Armour fits poorly on your strangely shaped body.
Your system is resistant to poisons. (rPois)
You cover ground very slowly.
You can spit poison.
You have a snake-like lower body.


Message History

A hound comes into view.
The hound moves out of view.
Found a stone.
You see here 7 stones.
There is a sacrificial altar of Ru here.
The hound barks!
The hound stops to sniff the ground.
The hound bites you.
The splash of poison misses the hound.
The hound closely misses you. The hound bites you.
The hound attacks as you move away! The hound barely misses you. x2
The hound bites you. The hound closely misses you. The hound barely misses you.
The hound attacks as you move away! The hound bites you.
You have got your breath back.
The hound barely misses you. The hound barely misses you.
The hound closely misses you. x2
The hound bites you.
As you read the scroll of fear, it crumbles to dust.
You assume a fearsome visage.
The hound looks frightened!
A hound is nearby!
A hound is nearby!
The splash of poison hits the hound.
The hound is poisoned.
The hound is moderately wounded.
The hound barks!
The hound bites you.
Unknown command.
You hit the hound.
The hound is severely wounded.
The hound bites you. x2
* * * LOW HITPOINT WARNING * * *
You hit the hound but do no damage.
The hound is severely wounded.
The hound closely misses you.
You closely miss the hound.
The hound is almost dead.
You have got your breath back.
The hound barely misses you. The hound bites you.
You die...

...........#
#..............
..........# #.............
#.....># ######.######.
#......# #...........#.
###....# #.####.####.#.
##..## #.#.......#.#.
##..## #.#.##.##.#.##
#...#####.#h#...#.#.#.
#.....#..@#......._.......
#.....###h..#.#.#...#.#.#.
#...... ###.#.#.##.##.#.#.
........ ###.#.......#.#.
........ #.####.####.##
......... #...........#
....... #######.#######
#.............#
#..###...######


You could see a hound (poisoned).

Vanquished Creatures (others)
  A quokka (D:5)
1 creature vanquished.

Notes
Turn   | Place    | Note
-------+----------+-------------------------------------------
     0 | D:5      | xian the Naga Delver began the quest for the Orb.
     0 | D:5      | Reached XP level 1. HP: 21/21 MP: 1/1
    12 | D:5      | Found a sacrificial altar of Ru.
    40 | D:5      | Noticed a hound
   134 | D:5      | Noticed a hound
   296 | D:5      | Slain by a hound

Illustrated notes

Levels and vault maps discovered:
D:5:      layout_cave_pods, elyvilon_altar_4, nicolae_ru_sacrificial_ziggurat,
          grunt_decor_cap

Action                   || total
-------------------------++-------
Melee: Spear             ||     3
 Abil: Spit Poison       ||     2
  Use: Scroll            ||     1
Dodge: Dodged            ||    11
